 Dungeon Crawl Stone Soup version 0.22-a0-445-g8c8ef71 (webtiles) character file.

624 Gorglomux the Covered (level 7, 25/66 HPs)
             Began as a Deep Dwarf Fighter on June 2, 2018.
             Quit the game on level 5 of the Dungeon.
             The game lasted 00:01:20 (1007 turns).

Gorglomux the Covered (Deep Dwarf Fighter)          Turns: 1007, Time: 00:01:20

Health: 25/66      AC:  9    Str: 22    XL:     7   Next: 22%
Magic:  4/4        EV:  6    Int:  8    God:
Gold:   98         SH: 10    Dex: 12    Spells: 6/6 levels left

rFire    . . .     SeeInvis .   a - +0 war axe
rCold    . . .     Gourm    .   c - +0 shield
rNeg     . . .     Faith    .   m - +0 chain mail
rPois    .         Spirit   .   (no helmet)
rElec    .         Reflect  .   (no cloak)
rCorr    .         Harm     .   (no gloves)
MR       +....                  (no boots)
Stlth    ..........             (no amulet)
HPRegen  0.00/turn              (no ring)
MPRegen  0.09/turn              (no ring)

@: quite poisoned (25 -> 13), non-regenerating
A: damage resistance, heal wounds, sense surroundings 1, no regeneration
a: Heal Wounds


You were on level 5 of the Dungeon.
You were not hungry.

You visited 2 branches of the dungeon, and saw 6 of its levels.

You collected 98 gold pieces.

Inventory:

Hand Weapons
 a - a +0 war axe (weapon)
Armour
 c - a +0 shield (worn)
 m - a +0 chain mail (worn)
Jewellery
 r - a cursed +2 ring of protection {unknown}
Scrolls
 h - 2 scrolls of identify {unknown}
 i - a scroll of fear {unknown}
 k - 4 scrolls of remove curse {unknown}
 o - 2 scrolls of teleportation {unknown}
 p - a scroll of magic mapping {unknown}
Potions
 d - a potion of might
 j - a potion of agility
 n - a potion of cancellation
Comestibles
 f - 3 rations


   Skills:
 + Level 4.4 Fighting
 + Level 4.7 Axes
 + Level 5.4 Armour
 + Level 5.4 Shields


You had 6 spell levels left.
You didn't know any spells.
Your spell library was empty.

Dungeon Overview and Level Annotations

Branches:
Dungeon (5/15)             Temple (1/1) D:5

Altars:
Ashenzari
Dithmenos
Gozag
Nemelex Xobeh
Qazlal
Ru
Sif Muna
Uskayaw
Wu Jian
Xom
Zin
Lugonu

Annotations:
D:5 Edmund


Innate Abilities, Weirdness & Mutations

You are resistant to damage.
You can heal yourself by infusing magical energy.
You passively map a small area around you.
You do not regenerate.


Message History

You are more poisoned!
Unknown command!
You cut Edmund but do no damage!
You butt very sick!
You block Edmund's attack!
You open Edmund like a pillowcase!
Edmund is lightly wounded!
You feel sick!
Edmund hits butt with a dire flail of venom!!! * * * don't die
* * * Butt are lethally poisoned!!!
Edmund hits you but does no damage!
You feel much better!
You feel very sick!
You feel very sick!
You feel sick!
There is an open door here!
You feel very sick!
Okay, then!
Are you sure you want to abandon this character and quit the game? (Confirm with "yes"!)

############## #.......##...#
#############............#####
#...........@@....#####.......
*#.....#######.....#(..#..##.##
#.....* ####..#(..#..##.#
#.....* ##.#####.###.##
*#.....* #.......##...# #.@...*
#..._...##../# #.....*
##.......#...# ..####
##.#....#...# , #......#...#


You could see Edmund and 2 dancing weapons.

Vanquished Creatures
  2 ogres (D:4)
  3 scorpions (D:5)
  A hound (D:5)
  A jelly (D:5)
  3 orc priests
  Natasha (D:2)
  Terence (D:3)
  2 orc wizards (D:5)
  3 adders
  A shadow imp (D:5)
  A leopard gecko (D:5)
  5 orcs
  A giant cockroach (D:3)
  2 hobgoblins
  A quokka (D:4)
  A ball python (D:3)
  A bat (D:2)
  4 frilled lizards
  2 rats (D:3)
36 creatures vanquished.

Notes
Turn   | Place    | Note
-------+----------+-------------------------------------------
     0 | D:1      | Gorglomux the Deep Dwarf Fighter began the quest for the Orb.
     0 | D:1      | Reached XP level 1. HP: 20/20 MP: 1/1
   106 | D:2      | Reached XP level 2. HP: 9/27 MP: 2/2
   117 | D:2      | Noticed Natasha
   132 | D:2      | Killed Natasha
   132 | D:2      | Reached skill level 3 in Fighting
   132 | D:2      | Reached XP level 3. HP: 18/34 MP: 3/3
   149 | D:3      | Noticed Terence
   154 | D:3      | Killed Terence
   154 | D:3      | Reached skill level 3 in Axes
   211 | D:3      | Reached XP level 4. HP: 22/42 MP: 4/4
   270 | D:4      | Noticed an ogre
   280 | D:4      | Killed an ogre
   280 | D:4      | Reached XP level 5. HP: 29/49 MP: 4/4
   329 | D:4      | Noticed an ogre
   339 | D:4      | Killed an ogre
   339 | D:4      | Reached XP level 6. HP: 19/57 MP: 5/5
   438 | D:5      | Entered Level 5 of the Dungeon
   503 | D:5      | Found a stormy altar of Qazlal.
   503 | D:5      | Found an ornate altar of the Wu Jian Council.
   566 | D:5      | Found a sacrificial altar of Ru.
   689 | D:5      | Found a staircase to the Ecumenical Temple.
   717 | D:5      | Reached XP level 7. HP: 49/64 MP: 5/5
   744 | Temple   | Entered the Ecumenical Temple
   930 | D:5      | Found a hide-covered altar of Uskayaw.
   931 | D:5      | Noticed a hand axe
   932 | D:5      | Noticed a dagger
   989 | D:5      | Noticed Edmund
  1007 | D:5      | Quit the game

Vault maps used:
D:1:      lemuel_arrival_cross
D:2:      okawaru_ov_weapons_minmay, nemelex_diamond_rough_becter, uniq_sigmund,
          uniq_natasha, uniq_jessica
D:3:      grunt_temple_overflow_growth_and_decay, lemuel_crystal_altar,
          grunt_ministairs_2, uniq_terence, uniq_robin
D:4:      kennysheep_ying_yang
D:5:      dancing_weapons_uskayaw, lemuel_round_altar,
          gammafunk_temple_overflow_wave, minmay_temple_entry_glassed_door,
          first_ration, uniq_edmund
Temple:   corrupted_temple

Skill      XL: |  1  2  3  4  5  6 |
---------------+-------------------+-----
Fighting       | 3 4 |  4.4
Axes           | 3 4 |  4.7
Armour         | 4 5 |  5.4
Shields        | 4 5 |  5.4

Action                   |  1- 3 |  4- 6 |  7- 9 || total
-------------------------+-------+-------+-------++-------
Melee: War axe           |    57 |    96 |    23 ||   176
 Abil: Heal Wounds       |     1 |     5 |     3 ||     9
  Use: Potion            |       |       |     2 ||     2
  Eat: Chunk             |       |       |     1 ||     1
Armor: Scale mail        |    31 |     9 |       ||    40
       Chain mail        |       |    28 |    19 ||    47
Dodge: Dodged            |    24 |    26 |    10 ||    60
Block: Shield            |    37 |    52 |    22 ||   111

Table legend:
 A = Spawn XP
 B = Non-spawn XP
 C = Spawn XP percentage of total XP
 D = Spawn monster count
 E = Non-spawn monster count
 F = Spawn count percentage of total count
 G = Total turns spent on level
                    A         B        C        D         E        F      G
               +---------+---------+-------+---------+---------+-------+---------
         Total |       0 |     892 |   0.0 |       0 |      36 |   0.0 |  1007
               +---------+---------+-------+---------+---------+-------+---------
           D:1 |       0 |       4 |   0.0 |       0 |       3 |   0.0 |    74
           D:2 |       0 |      51 |   0.0 |       0 |       3 |   0.0 |    69
           D:3 |       0 |      60 |   0.0 |       0 |       9 |   0.0 |   127
           D:4 |       0 |     309 |   0.0 |       0 |       8 |   0.0 |   168
           D:5 |       0 |     468 |   0.0 |       0 |      13 |   0.0 |   526
               +---------+---------+-------+---------+---------+-------+---------
